 Dungeon Crawl Stone Soup version 0.31.0-7-gf635a9b802 (webtiles) character file.

Game seed: 8080661001821655593

15 Strat the Cudgeller (level 2, -2/18 HPs)
             Began as a Gargoyle Reaver on Jan 23, 2024.
             Slain by a gnoll
             ... wielding a +0 flail
              (9 damage)
             ... on level 1 of the Dungeon.
             The game lasted 00:00:54 (271 turns).

Strat the Cudgeller (Gargoyle Reaver)                Turns: 271, Time: 00:00:54

Health: -2/18      AC:  5    Str: 15    XL:     2   Next: 50%
Magic:  5/5        EV: 11    Int: 13    God:
Gold:   18         SH:  0    Dex:  8    Spells: 2/5 levels left

rFire   . . .        a - +0 mace
rCold   . . .        (no shield)
rNeg    + . .        b - +0 leather armour
rPois   ∞            (no helmet)
rElec   +            (no cloak)
rCorr   .            (no gloves)
SInv    .            (no boots)
Will    .....        (no amulet)
Stlth   +            (no ring)
HPRegen 0.23/turn    (no ring)
MPRegen 0.09/turn

%: no passive effects
@: no status effects
A: sickness immunity, AC +2, negative energy resistance 1, electricity
resistance, torment resistance 1, petrification resistance
a: no special abilities


You were on level 1 of the Dungeon.
You visited 1 branch of the dungeon, and saw 1 of its levels.

You collected 18 gold pieces.

Inventory:

Hand Weapons
 a - a +0 mace (weapon)
Armour
 b - a +0 leather armour (worn)
Jewellery
 e - a ring of fire
Scrolls
 d - a scroll of poison {unknown}
 f - a scroll of identify {unknown}
Potions
 c - a potion of heal wounds {unknown}


   Skills:
 + Level 2.5 Fighting
 * Level 3.5 Maces & Flails
 - Level 1.5 Dodging
 - Level 2.0 Spellcasting
 + Level 3.3 Conjurations


You had 2 spell levels left.
You knew the following spells:

 Your Spells              Type           Power      Damage    Failure   Level
a - Kiss of Death         Conj/Necr      20%        2d7       16%         1
b - Momentum Strike       Conj/Tloc      10%        3d8       24%         2

Your spell library contained the following spells:

 Spells                   Type           Power      Damage    Failure   Level
 Hailstorm                Conj/Ice       5%         3d5       43%         3


Dungeon Overview and Level Annotations

Branches:
Dungeon (1/15)

Altars:


Innate Abilities, Weirdness & Mutations

You are immune to sickness and miasma.
Your stone body is resilient. (AC +2)
You are immune to poison.
You resist negative energy. (rN+)
You are resistant to electric shocks. (rElec)
You are resistant to unholy torment.
You are immune to petrification.


Message History

You now have 18 gold pieces (gained 6).
You open the door.
There is an open door here.
Found a stone staircase leading down.
A giant cockroach comes into view.
You closely miss the giant cockroach.
The giant cockroach bites you but does no damage. x2
You hit the giant cockroach.
The giant cockroach is severely wounded.
The giant cockroach misses you.
You hit the giant cockroach.
You kill the giant cockroach!
No target in view!
You open the door.
There is an open door here.
You open the door.
There is an open door here.
f - a scroll labelled QYPNEFIUPH A ball python comes into view.
The ball python hisses angrily.
The ball python moves out of view.
The ball python bites you but does no damage.
The ball python grabs you. The ball python constricts you.
The ball python closely misses you. The ball python constricts you.
You barely miss the ball python.
The ball python bites you but does no damage.
The ball python constricts you.
You sock the ball python!
You kill the ball python!
Found 4 stones.
You see here a ball python corpse.
A gnoll comes into view. It is wielding a +0 flail.
The gnoll shouts!
Found 11 gold pieces.
The gnoll hits you with a +0 flail.
You hit the gnoll but do no damage. The gnoll hits you with a +0 flail!
* * * LOW HITPOINT WARNING * * *
The gnoll hits you with a +0 flail!
Ouch! That really hurt!
You die...

....##.##............
.....#.##..#........
######.##..#.###.##. .
## #.##........# .$ .##
#.##..#..##.####...
..##
#.##..#..........§≈
...###.##..#..##.....#≈
#...##..#............#
##......#..#..##@...#.#
##.....#..#..##g..≈# .
##....#. #..##...≈#
##.....#. ...##...§#
##......# ... #...≈≈#
........# #...≈≈#
##....<.# #....§≈
#......# #..#§§≈≈
########


You could see a gnoll.

Vanquished Creatures
  A dart slug (D:1)
  A giant cockroach (D:1)
  3 goblins (D:1)
  2 hobgoblins (D:1)
  3 ball pythons (D:1)
  A kobold (D:1)
  2 rats (D:1)
13 creatures vanquished.

Notes
Turn   | Place    | Note
-------+----------+-------------------------------------------
     0 | D:1      | Strat the Gargoyle Reaver began the quest for the Orb.
     0 | D:1      | Reached XP level 1. HP: 12/12 MP: 3/3
    75 | D:1      | Reached XP level 2. HP: 18/18 MP: 5/5
    78 | D:1      | Learned a level 2 spell: Momentum Strike
   271 | D:1      | Slain by a gnoll

Illustrated notes

Levels and vault maps discovered:
D:1:      elethiomel_arrival_shortcut, layout_basic,
          hellmonk_ecumenical_altar_arch_garden, grunt_decor_junction,
          minmay_pentomino_u2

Action                     || total
---------------------------++-------
  Melee: Mace              ||    42
 Armour: Leather armour    ||    31
  Dodge: Dodged            ||    25
